 Dungeon Crawl Stone Soup version 0.30-a0-743-gbfdf073431 (webtiles) character file.

Game seed: 368892955707278411

522867 boo the Conqueror (level 25, -16/210 HPs)
             Began as a Merfolk Gladiator on Feb 6, 2023.
             Was an Elder of the Shining One.
             Killed from afar by a titan (40 damage)
             ... with a bolt of lightning
             ... created by the fury of Okawaru
             ... on level 7 of the Abyss.
             The game lasted 05:25:08 (71572 turns).

boo the Conqueror (Merfolk Gladiator)              Turns: 71572, Time: 05:25:08

Health: -16/210    AC: 18    Str: 11      XL:     25   Next: 94%
Magic:  33/35      EV: 36    Int: 12      God:    the Shining One [****..]
Gold:   2358       SH: 33    Dex: 30 (31) Spells: 38/48 levels left

rFire   + + +      SeeInvis +    a - +10 scimitar of the Volcano {flame, rF+ rN+ Int+5 Stlth-}
rCold   + + +      Faith    .    p - +0 kite shield "Coukk" {rF++ Will+++ Str-2 Stlth-}
rNeg    + + +      Spirit   .    c - +7 faerie dragon scales {rPois Regen+ rCorr Dex+3}
rPois   +          Reflect  +    o - +2 helmet {SInv}
rElec   .          Harm     .    D - scarf {repulsion}
rCorr   +          Rampage  .    J - +1 pair of gloves of Sibatuz {Regen+ Str-2 Int+2}
Will    +++++                    F - +2 pair of boots
Stlth   ++                       i - amulet of Aclewan {Reflect Will+ rCorr SH+5}
HPRegen 0.00/turn                m - ring "Emaecw" {rN+ Dex+3 SInv}
MPRegen 0.24/turn                G - ring of Benevolence {rC+ Will++ rCorr}

@: divinely shielded, sick, glowing, studying 4 skills, repel missiles, unable
to read
A: (nimble swimmer 2), mertail, camouflage 1, cold resistance 2, deformed body,
dopey 2, low MP 1, inability to read after injury 1, noise suppression,
[deterioration 2], [frail 1], [subdued magic 3]
}: 2/15 runes: decaying, serpentine
a: Renounce Religion, Divine Shield, Cleansing Flame


You were on level 7 of the Abyss.
You worshipped the Shining One.
The Shining One was greatly pleased with you.
You visited 10 branches of the dungeon, and saw 45 of its levels.
You visited the Abyss 2 times.
You also visited: Trove, Sewer and Ice Cave.

You collected 8879 gold pieces.
You spent 6521 gold pieces at shops.

Inventory:

Hand Weapons
 a - the +10 scimitar of the Volcano (weapon) {flame, rF+ rN+ Int+5 Stlth-}
   (You bought it in a shop on level 2 of the Orcish Mines)

   Int:       It affects your intelligence (+5).
   rF:        It protects you from fire.
   rN:        It protects you from negative energy.
   Stlth:     It makes you less stealthy.
 b - the +4 scimitar "Xiolan" {freeze, rC++ Will- rCorr Str+4}
   (Okawaru gifted it to you on level 2 of the Elven Halls)

   Str:       It affects your strength (+4).
   rC:        It greatly protects you from cold.
   rCorr:     It protects you from acid and corrosion.
   Will:      It decreases your willpower.
 f - a +5 scimitar of holy wrath
 h - a +0 trishula of holy wrath
 R - a +9 long sword of holy wrath
Missiles
 d - 8 throwing nets
 k - 19 javelins
 K - 17 silver javelins
Armour
 c - the +7 faerie dragon scales (worn) {rPois Regen+ rCorr Dex+3}
   (You took it off the Enchantress on level 1 of the Depths)

   Dex:       It affects your dexterity (+3).
   rPois:     It protects you from poison.
   Regen:     It increases your rate of health regeneration.
   rCorr:     It protects you from acid and corrosion.
 n - the +1 cloak of Voracious Creativity {rElec MP+9 Str-5 Int-2}
   (You found it on level 13 of the Dungeon)

   Str:       It affects your strength (-5).
   Int:       It affects your intelligence (-2).
   rElec:     It insulates you from electricity.
   MP:        It affects your magic capacity (+9).
 o - a +2 helmet of see invisible (worn)
 p - the +0 kite shield "Coukk" (worn) {rF++ Will+++ Str-2 Stlth-}
   (You found it in a treasure trove)

   Str:       It affects your strength (-2).
   rF:        It greatly protects you from fire.
   Will:      It greatly increases your willpower.
   Stlth:     It makes you less stealthy.
 B - the +5 ring mail of Resilience {rPois rN+++ Int-4 Stlth+}
   (You found it on level 3 of the Crypt)

   Int:       It affects your intelligence (-4).
   rPois:     It protects you from poison.
   rN:        It renders you almost immune to negative energy.
   Stlth:     It makes you more stealthy.
 D - a scarf of repulsion (worn)
 F - a +2 pair of boots (worn)
 J - the +1 pair of gloves of Sibatuz (worn) {Regen+ Str-2 Int+2}
   (Okawaru gifted it to you on level 15 of the Dungeon)

   Str:       It affects your strength (-2).
   Int:       It affects your intelligence (+2).
   Regen:     It increases your rate of health regeneration.
Jewellery
 i - the amulet of Aclewan (around neck) {Reflect Will+ rCorr SH+5}
   (You bought it in a shop on level 2 of the Orcish Mines)

   [amulet of reflection]

   It reflects blocked missile attacks.
   rCorr:     It protects you from acid and corrosion.
   SH:        It affects your SH (+5).
   Will:      It increases your willpower.
 m - the ring "Emaecw" (left hand) {rN+ Dex+3 SInv}
   (You took it off a necromancer on level 2 of the Depths)

   [ring of positive energy]

   Dex:       It affects your dexterity (+3).
   rN:        It protects you from negative energy.
   SInv:      It lets you see invisible.
 G - the ring of Benevolence (right hand) {rC+ Will++ rCorr}
   (You found it in a treasure trove)

   [ring of resist corrosion]

   rC:        It protects you from cold.
   rCorr:     It protects you from acid and corrosion.
   Will:      It greatly increases your willpower.
 N - a ring of flight
 Y - the ring of Contention {Ice *Corrode rPois rN+++ Str-2}
   (You took it off a deep elf sorcerer on level 3 of the Elven Halls)

   [ring of ice]

   It enhances your ice magic.
   Str:       It affects your strength (-2).
   rF:        It makes you vulnerable to fire.
   rC:        It protects you from cold.
   rPois:     It protects you from poison.
   rN:        It renders you almost immune to negative energy.
   *Corrode:  It may corrode you when you take damage.
Wands
 v - a wand of acid (23)
 z - a wand of roots (35)
 H - a wand of digging (16)
 U - a wand of mindburst (3)
Scrolls
 e - a scroll of brand weapon
 l - a scroll of enchant armour
 s - 3 scrolls of teleportation
 x - 11 scrolls of fear
 y - 15 scrolls of identify
 A - 4 scrolls of fog
 E - 2 scrolls of silence
 M - a scroll of magic mapping
 P - a scroll of blinking
Potions
 j - 4 potions of haste
 q - 5 potions of lignification
 t - 7 potions of flight
 w - 6 potions of might
 C - 16 potions of curing
 I - 3 potions of cancellation
 Q - a potion of resistance
 S - 3 potions of berserk rage
 T - a potion of invisibility
Miscellaneous
 u - a phial of floods
 Z - a lightning rod (4/4)


   Skills:
 O Level 27 Fighting
 * Level 21.7 Long Blades
 + Level 10.0 Polearms
 - Level 2.0 Throwing
 - Level 24.7 Dodging
 - Level 10.5 Stealth
 - Level 15.1 Shields
 + Level 12.2 Spellcasting
 + Level 8.1 Hexes
 + Level 0.9 Translocations
 - Level 9.3 Ice Magic
 - Level 4.8 Air Magic
 - Level 11.3 Invocations
 - Level 10.4 Evocations


You had 38 spell levels left.
You knew the following spells:

 Your Spells              Type           Power      Damage    Failure   Level
a - Metabolic Englaciati  Hex/Ice        7%         N/A       12%         5
b - Swiftness             Air            10%        N/A       5%          3
c - Blink                 Tloc           10%        N/A       16%         2

Your spell library contained the following spells:

 Spells                   Type           Power      Damage    Failure   Level
 Freeze                   Ice            60%        1d7       1%          1
 Ensorcelled Hibernation  Hex/Ice        28%        N/A       1%          2
 Frozen Ramparts          Ice            30%        1d5       1%          3
 Shock                    Conj/Air       24%        1d4       4%          1
 Hailstorm                Conj/Ice       9%         3d4       6%          3
 Poisonous Vapours        Pois/Air       12%        N/A       8%          2
 Dazzling Flash           Conj/Hex       18%        N/A       9%          3
 Cigotuvi's Dreadful Rot  Necr/Pois/Air  10%        N/A       12%         2
 Magic Dart               Conj           12%        1d3       16%         1
 Lesser Beckoning         Tloc           10%        N/A       16%         2
 Momentum Strike          Conj/Tloc      8%         3d8       21%         2
 Airstrike                Air            5%         2d(1-17)  22%         4
 Ice Form                 Ice/Tmut       9%         N/A       24%         4
 Summon Ice Beast         Ice/Summ       9%         N/A       24%         4
 Call Imp                 Summ           3%         N/A       26%         2
 Scorch                   Fire           6%         2d5       26%         2
 Searing Ray              Conj           6%         2d4       26%         2
 Sublimation of Blood     Necr           3%         N/A       26%         2
 Mephitic Cloud           Conj/Pois/Air  5%         N/A       26%         3
 Anguish                  Hex/Necr       4%         N/A       32%         4
 Fulminant Prism          Conj/Hex       4%         3d5       32%         4
 Leda's Liquefaction      Hex/Erth       4%         N/A       32%         4
 Silence                  Hex/Air        6%         N/A       32%         5
 Gell's Gravitas          Tloc           5%         N/A       34%         3
 Teleport Other           Tloc           5%         N/A       34%         3
 Spider Form              Tmut/Pois      3%         N/A       50%         3
 Manifold Assault         Tloc           5%         N/A       78%         4
 Animate Armour           Summ/Erth      6%         N/A       90%         4
 Animate Dead             Necr           3%         N/A       90%         4
 Dispel Undead            Necr           3%         3d7       90%         4
 Flame Wave               Conj/Fire      3%         2d5       90%         4
 Olgreb's Toxic Radiance  Pois           3%         N/A       90%         4
 Petrify                  Tmut/Erth      3%         N/A       90%         4
 Ozocubu's Refrigeration  Ice            7%         4d9       98%         7
 Agony                    Necr           3%         N/A       99%         5
 Borgnjor's Vile Clutch   Necr/Erth      1%         N/A       99%         5
 Irradiate                Conj/Tmut      1%         3d12      99%         5
 Iskenderun's Battlesphe  Conj           3%         2d6       99%         5
 Lee's Rapid Deconstruct  Erth           1%         3d4*      99%         5
 Conjure Ball Lightning   Conj/Air       3%         3x3d6     100%        6
 Death Channel            Necr           1%         N/A       100%        6
 Dispersal                Tloc           2%         N/A       100%        6
 Iron Shot                Conj/Erth      1%         9d1       100%        6
 Statue Form              Tmut/Erth      2%         N/A       100%        6
 Summon Cactus Giant      Summ           1%         N/A       100%        6
 Spellforged Servitor     Conj/Summ      1%         N/A       100%        7
 Storm Form               Tmut/Air       3%         N/A       100%        7
 Discord                  Hex            7%         N/A       100%        8
 Disjunction              Tloc           2%         N/A       100%        8
 Ignition                 Fire           1%         3d3       100%        8


Dungeon Overview and Level Annotations

Branches:
Dungeon (15/15)            Temple (1/1) D:4            Lair (5/5) D:9
  Swamp (4/4) Lair:3        Snake (4/4) Lair:3        Slime (0/5) Lair:5
    Orc (2/2) D:12            Elf (3/3) Orc:2        Vaults (4/5) D:13
  Crypt (3/3) Vaults:3       Tomb (0/3) Crypt:3      Depths (4/4) D:15
    Zot (0/5) Depths:4      Sewer (visited)           IceCv (visited)

Altars:
Ashenzari
Cheibriados
Dithmenos
Elyvilon
Fedhas
Gozag
Hepliaklqana
Kikubaaqudgha
Makhleb
Nemelex Xobeh
Okawaru
Qazlal
Ru
Sif Muna
Trog
Uskayaw
Vehumet
Wu Jian
Xom
Yredelemnul
Zin
The Shining One
Jiyva

Shops:
D:2 =   D:6 [   D:12 [(   Orc:2 (=?((   Elf:1 *   Elf:2 [=   Elf:3 [*
Snake:1 *!(   Vaults:1 ?   Vaults:3 [   Depths:3 :   Depths:4 !

Portals:
Hell: Depths:1 Depths:2 Depths:3 Depths:4
Abyss: Snake:1 Depths:3
Pandemonium: Depths:1 Depths:2 Depths:3 Depths:4
Ziggurat: Depths:2

Annotations:
Lair:1 exclusion: 2 downstairs
Lair:2 exclusion: downstairs
Lair:3 exclusion: upstairs
Lair:4 exclusion: 2 downstairs
Swamp:1 Roxanne
Swamp:2 exclusion: downstairs
Snake:1 2 transporters, Kaleas's ghost, adept TrBe
Crypt:2 exclusion: downstairs
Depths:3 6 runed translucent doors


Innate Abilities, Weirdness & Mutations

((You are very nimble when in or above water. (Stealth+, EV+, Speed+++)))
Your lower body shifts to a powerful aquatic tail in water.
Your skin changes colour to match your surroundings (Stealth+).
Your flesh is very cold resistant. (rC++)
Armour fits poorly on your strangely shaped body.
You are very dopey. (Int -4)
Your magical capacity is low. (-10% MP)
You occasionally lose the ability to read scrolls when taking damage.
You passively dampen the noise of your surroundings.
[Your body often deteriorates upon taking damage.]
[You are frail. (-10% HP)]
[Your spells are much easier to cast, but much less powerful.]


Message History

The golden flame engulfs the frost giant!
The frost giant is lightly wounded.
You hear a roar!
You hear a shout!
The purple draconian shifter points at you and mumbles some strange words.
You feel much better.
You recover from your berserk rage.
The purple draconian shifter casts a spell at you.
You block the titan's attack. The stone giant barely misses you.
You are confused.
You feel invigorated. The titan misses you.
You slice the titan!! You burn the titan!
The titan is moderately wounded.
You hit the titan but do no damage.
The titan is moderately wounded.
The purple draconian shifter gestures wildly while chanting.
The purple draconian shifter blinks!
The stone giant completely misses you. The titan hits you!!!
* * * LOW HITPOINT WARNING * * *
Your body deteriorates!
You feel clumsy.
You slash the titan! You burn the titan.
The titan is heavily wounded.
The titan casts a spell at you. The bolt of lightning misses you.
The bolt of lightning is repelled.
The bolt of lightning hits the titan.
The titan completely resists.
The bolt of lightning hits the titan.
The titan completely resists.
You bump into the rock wall.
The purple draconian shifter mumbles some strange words.
The purple draconian shifter blinks!
The titan completely misses you. The stone giant completely misses you.
You bump into the rock wall.
You feel less invigorated.
You feel less confused.
The purple draconian shifter mumbles some strange words.
The purple draconian shifter blinks!
You block the titan's attack. You block the stone giant's attack.
A smoke demon comes into view.
A wretched star comes into view.
You hit the titan. You burn the titan.
The titan is heavily wounded.
The titan points at you and mumbles some strange words.
The bolt of lightning hits you!!!
You die...

.. ......§.. .
......§X... #.#.
.#.. . . _... ..
...... . . .X.§
..#### . ##.x#
#@C# . . . §..##C#
#.#~ w
.3§.....C......♣
.###########q.....
*....♣♣ ...#.♣
.#§3§♣ ..#.. .. ..


You could see a titan, a frost giant, a purple draconian shifter, a stone giant,
a wretched star and a smoke demon.

Vanquished Creatures
  2 dread liches (Crypt:3)
  Mennas (Depths:3)
  3 juggernauts (Depths:2)
  Sojobo (Depths:2)
  Margery (Vaults:3)
  A curse toe (Crypt:3)
  2 caustic shrikes
  A golden dragon (Depths:4)
  Jory (Crypt:2)
  the Enchantress (Depths:1)
  5 bone dragons
  A hellephant (Abyss:5)
  3 tentacled monstrosities
  Rupert (Snake:1)
  The ghost of Yhewuk the Gargoyle Blade, an adept GrGl of Okawaru (Vaults:2)
  Jorgrun (Elf:1)
  2 Ice Fiends (IceCv)
  4 liches
  6 deep elf blademasters
  2 walking frostbound tomes
  5 deep elf master archers
  4 titans
  An acid blob (Abyss:6)
  4 sphinxes
  8 ancient champions
  Gastronok (Orc:1)
  14 tentacled starspawn
  Agnes (Elf:1)
  2 thorn hunters (Swamp:3)
  5 tengu reavers (Depths:2)
  A shadow dragon (Depths:2)
  A daeva (Abyss:4)
  A draconian monk (Abyss:4)
  11 fire giants
  Donald (Snake:1)
  8 nagarajas
  A draconian knight (Depths:4)
  2 iron dragons
  A fenstrider witch (Swamp:1)
  A revenant (Crypt:2)
  9 frost giants
  A ghost moth (Abyss:4)
  8 vault wardens
  7 deep elf sorcerers
  Louise (Snake:2)
  2 curse skulls
  4 deep elf elementalists
  2 ghouls (Crypt:2)
  A draconian stormcaller (Depths:3)
  4 spriggan defenders
  10 very ugly things
  4 orc warlords
  A cacodemon (Abyss:6)
  16 ironbound preservers
  A reaper (Depths:3)
  3 war gargoyles
  19 stone giants
  6 ironbound thunderhulks
  2 black draconians
  4 deep elf demonologists
  2 red draconians
  6 vampire knights
  2 lorocyprocas
  5 deep elf annihilators (Elf:3)
  7 bunyips
  4 eleionomae
  7 spark wasps
  3 yellow draconians
  A green draconian (Depths:1)
  4 dire elephants (Vaults:3)
  8 ettins
  7 eidola
  3 white draconians
  7 deep elf death magi
  A crystal guardian (Vaults:1)
  A blizzard demon (Abyss:4)
  5 jiangshi
  2 deep elf high priests (Elf:3)
  12 fire dragons
  3 entropy weavers
  A shambling mangrove (Swamp:3)
  8 great orbs of eyes
  15 yaktaur captains
  8 rakshasas
  2 spriggan zombies (Crypt:2)
  3 caustic shrike simulacra (IceCv)
  2 salamander tyrants
  A hell beast (Depths:2)
  5 vault guards (Vaults:4)
  27 hydras
  2 ghost crabs
  5 alligator snapping turtles (Snake:2)
  15 ice dragons
  15 anacondas
  3 peacekeepers
  6 centaur warriors
  5 ogre magi
  8 spriggan air magi
  A bennu zombie (Crypt:2)
  2 catoblepae
  6 ironbound frosthearts
  6 boulder beetles
  A spriggan skeleton (Crypt:1)
  A death knight (Crypt:1)
  8 death yaks
  4 vampire magi
  6 deep troll shamans
  7 two-headed ogres
  6 deep troll earth magi
  A hell hog (Depths:2)
  2 spriggan berserkers
  6 alligators
  8 naga warriors
  5 tengu warriors
  12 naga sharpshooters
  6 thrashing horrors
  24 dancing weapons
  An orc high priest (Elf:1)
  11 shock serpents
  A titan zombie (Crypt:2)
  4 sun demons
  15 deep elf knights
  A soul eater (Crypt:2)
  14 spriggans
  11 wretched stars
  4 hell knights (Vaults:3)
  3 salamander mystics
  A spatial maelstrom (Abyss:4)
  A fire crab (Lair:5)
  4 shadow wraiths
  3 sixfirhies
  9 iron trolls
  2 obsidian statues (IceCv)
  A sea snake (shapeshifter) (Abyss:4)
  A death drake (Abyss:3)
  11 sea snakes
  14 deep elf archers
  2 shadow demons (Abyss:4)
  6 naga ritualists
  7 glowing orange brains
  8 spriggan druids
  26 skeletal warriors
  7 bog bodies
  7 goliath frogs
  11 swamp dragons
  A golden dragon skeleton (Crypt:3)
  47 deep trolls
  2 flayed ghosts
  19 ironbound convokers
  10 wizards
  A spriggan simulacrum (IceCv)
  8 phantasmal warriors
  8 lindwurms (Vaults:1)
  2 necromancers
  49 starcursed masses
  10 mana vipers
  26 deep elf pyromancers
  20 deep elf zephyrmancers
  12 orc sorcerers
  5 cyclopes
  5 manticores
  10 orc knights
  2 tengu skeletons (Vaults:3)
  10 will-o-the-wisps
  40 ugly things
  16 salamanders
  3 worldbinders (Abyss:4)
  33 elephants
  An ice statue (D:14)
  10 naga magi
  2 stone giant skeletons (Vaults:3)
  Joseph (D:9)
  An apocalypse crab (Abyss:4)
  A fire giant skeleton (Vaults:3)
  33 black mambas
  8 guardian serpents
  A rust devil (Depths:3)
  A frost giant skeleton (Vaults:3)
  5 human skeletons (Vaults:3)
  An orange demon (Abyss:3)
  12 smoke demons
  2 dire elephant zombies (Crypt:2)
  2 unseen horrors
  21 vault sentinels
  2 gargoyles (D:12)
  A torpor snail (Lair:5)
  19 cane toads
  8 freezing wraiths
  2 rime drakes
  7 komodo dragons
  31 yaktaurs
  An ice devil (Depths:4)
  7 guardian mummies
  4 efreet
  2 kobold demonologists
  8 golden dragon simulacra (IceCv)
  A minotaur skeleton (Crypt:3)
  A hydra zombie (Crypt:1)
  2 tormentors
  3 ancient zymes
  4 tengu conjurers
  A mana viper skeleton (Crypt:1)
  4 trolls
  2 meliai (D:15)
  15 hornets
  5 hellwings
  2 yaktaur skeletons (Vaults:3)
  A hornet (shapeshifter) (Abyss:4)
  8 tyrant leeches
  14 blink frogs
  A wolf spider simulacrum (D:15)
  6 polar bears
  A harpy skeleton (Crypt:1)
  An alligator zombie (Crypt:1)
  A moth of wrath zombie (Crypt:1)
  3 snapping turtles (Snake:2)
  17 dream sheep
  23 raiju
  An ettin zombie (Abyss:4)
  6 flying skulls (Crypt:3)
  A fire dragon zombie (Crypt:1)
  4 air elementals
  44 slime creatures
  4 centaur simulacra (D:14)
  2 ynoxinuls (Abyss:4)
  8 shadows
  A vampire (D:11)
  A dire elephant simulacrum (Crypt:1)
  2 ettin skeletons (Vaults:3)
  4 water elementals
  57 yaks
  13 wraiths
  7 fire elementals
  2 ice dragon skeletons
  A wyvern (Lair:1)
  14 fire bats (D:14)
  9 neqoxecs
  11 golden eyes
  9 chaos spawn
  A minotaur simulacrum (IceCv)
  13 vampire mosquitoes
  A basilisk (Lair:3)
  9 redbacks
  2 spatial vortices (Abyss:4)
  16 swamp worms
  A warg (Orc:1)
  38 nagas
  Edmund (D:5)
  An acid dragon (D:10)
  A hydra simulacrum (IceCv)
  18 water moccasins
  A floating eye (Depths:1)
  32 large abominations
  An ogre skeleton (Vaults:3)
  Pargi (Sewer)
  4 ice beasts
  A sky beast (D:8)
  9 swamp drakes
  A black bear (Lair:3)
  An ettin simulacrum (IceCv)
  20 orc warriors
  23 wolves
  A manticore skeleton (Crypt:3)
  16 ogres
  A manticore zombie (Crypt:3)
  15 centaurs
  A swamp dragon skeleton (Crypt:1)
  The ghost of pigah the Ducker, an amateur OpWn (D:3)
  A kobold brigand (D:8)
  24 bullfrogs
  A scorpion (D:6)
  A deep troll simulacrum (IceCv)
  A draconian skeleton (Crypt:2)
  An earth elemental (Abyss:4)
  9 wights
  16 small abominations
  5 howler monkeys
  2 electric eels
  A wolf zombie (Crypt:2)
  A bullfrog zombie (Crypt:3)
  5 jellies
  8 hounds
  2 human zombies (Crypt:2)
  9 orc priests
  Crazy Yiuf (D:3)
  3 gnoll boudas
  An iron imp (Abyss:4)
  3 iguanas
  Terence (D:3)
  32 orc wizards
  13 hell rats (Lair:5)
  An ice beast zombie (Crypt:1)
  An acid dragon skeleton (Crypt:1)
  A deep dwarf skeleton (Crypt:2)
  A naga skeleton (Crypt:1)
  A boggart simulacrum (D:14)
  7 mummies (Crypt:3)
  A howler monkey skeleton (Crypt:3)
  22 gnolls
  A river rat (D:3)
  A steam dragon zombie (Crypt:3)
  7 adders
  2 shadow imps
  3 white imps
  4 ufetubi
  4 worms
  3 dart slugs
  73 orcs
  A bat zombie (Crypt:3)
  14 endoplasms
  A giant cockroach (D:3)
  A giant cockroach (shapeshifter) (Depths:2)
  10 goblins
  8 hobgoblins
  9 jackals
  11 kobolds
  5 quokkas
  10 ball pythons
  A ball python skeleton (Crypt:2)
  93 bats
  4 frilled lizards
  An orc skeleton (Crypt:3)
  7 rats
  A rat zombie (Crypt:1)
  9 starspawn tentacles
2278 creatures vanquished.

Vanquished Creatures (collateral kills)
  3 bone dragons
  A deep elf master archer (Abyss:5)
  2 tentacled starspawn
  2 fire giants (Abyss:5)
  A draconian stormcaller (Abyss:5)
  A black draconian (Abyss:4)
  A spatial maelstrom (Abyss:5)
  A wretched star (Abyss:5)
  A guardian serpent (Abyss:5)
  A naga mage (Abyss:5)
  3 ancient zymes (Abyss:5)
  4 raiju (Abyss:5)
  A ynoxinul (Abyss:5)
  2 large abominations (Abyss:5)
  A chaos spawn (Abyss:5)
25 creatures vanquished.

Vanquished Creatures (others)
  A fire giant (Depths:1)
  2 hydras (Swamp:4)
  2 deep elf knights (Elf:3)
  A spriggan druid (Swamp:4)
  A large abomination (Abyss:4)
  A wizard (Vaults:3)
  2 deep elf pyromancers
  3 deep elf zephyrmancers (Elf:3)
  2 bloated husks
  2 spriggans (Swamp:4)
  A ynoxinul (Depths:3)
  2 golden eyes
  A hog (shapeshifter) (Abyss:5)
  A chaos spawn (Abyss:4)
  A swamp worm (Swamp:1)
  A jelly (Abyss:5)
  An orc wizard (Orc:2)
  An orc (Orc:2)
  2 briar patches (Swamp:3)
  A bush (Lair:5)
  33 foxfires
  35 fungi
  2 lurking horrors
  135 plants
  48 starspawn tentacles
  4 toadstools (D:4)
286 creatures vanquished.

Grand Total: 2589 creatures vanquished

Notes
Turn   | Place    | Note
-------+----------+-------------------------------------------
     0 | D:1      | boo the Merfolk Gladiator began the quest for the Orb.
     0 | D:1      | Reached XP level 1. HP: 16/16 MP: 1/1
    71 | D:1      | Reached XP level 2. HP: 20/23 MP: 2/2
   419 | D:1      | Found a faded altar of an unknown god.
   447 | D:1      | Reached XP level 3. HP: 28/28 MP: 3/3
  1082 | D:2      | Reached skill level 3 in Fighting
  1082 | D:2      | Reached skill level 5 in Long Blades
  1082 | D:2      | Reached XP level 4. HP: 31/35 MP: 4/4
  1661 | D:2      | Reached skill level 5 in Dodging
  2007 | D:2      | Reached XP level 5. HP: 41/41 MP: 5/5
  2076 | D:2      | Found Guziom's One-of-a-Kind Rings.
  2479 | D:3      | Noticed Terence
  2493 | D:3      | Killed Terence
  2889 | D:3      | Found a glowing drain.
  2898 | Sewer    | Entered a sewer
  3095 | Sewer    | Noticed Pargi
  3104 | Sewer    | Killed Pargi
  3105 | Sewer    | Reached skill level 4 in Fighting
  3105 | Sewer    | Reached XP level 6. HP: 40/48 MP: 6/6
  3220 | D:3      | Found a shimmering altar of Xom.
  3394 | D:3      | Noticed pigah's ghost (amateur OpWn)
  3398 | D:3      | Found a runed translucent door.
  3457 | D:3      | Found a blossoming altar of Fedhas.
  3566 | D:3      | Found a runed translucent door.
  3567 | D:3      | Noticed Crazy Yiuf
  3793 | D:3      | Killed Crazy Yiuf
  3876 | D:3      | Killed pigah's ghost
  4147 | D:4      | Found a staircase to the Ecumenical Temple.
  4156 | Temple   | Entered the Ecumenical Temple
  4233 | Temple   | Became a worshipper of Warmaster Okawaru
  4389 | D:4      | Reached XP level 7. HP: 55/55 MP: 7/7
  5403 | D:5      | Entered Level 5 of the Dungeon
  5620 | D:5      | Reached skill level 5 in Fighting
  5834 | D:5      | Reached XP level 8. HP: 53/62 MP: 8/8
  6368 | D:5      | Reached * piety under Okawaru
  6495 | D:5      | Noticed Edmund
  6502 | D:5      | Killed Edmund
  6678 | D:5      | Found a sparkling altar of Nemelex Xobeh.
  6864 | D:6      | Reached skill level 6 in Fighting
  7122 | D:6      | Found Ipibluf's Antique Armour Shop.
  7278 | D:6      | Reached skill level 10 in Long Blades
  7427 | D:6      | Found a sacrificial altar of Ru.
  7444 | D:6      | Reached XP level 9. HP: 60/71 MP: 9/9
  7494 | D:6      | Reached ** piety under Okawaru
  7778 | D:6      | Bought an embroidered scarf for 208 gold pieces
  8294 | D:7      | Reached skill level 7 in Fighting
  8314 | D:7      | Found a broken altar of Ashenzari.
  8906 | D:7      | Found a bloodstained altar of Trog.
  9222 | D:7      | Found an ornate altar of the Wu Jian Council.
  9347 | D:8      | Reached *** piety under Okawaru
  9354 | D:8      | Found a shadowy altar of Dithmenos.
  9885 | D:8      | Found a hide-covered altar of Uskayaw.
  9988 | D:8      | Reached XP level 10. HP: 80/80 MP: 10/10
  9995 | D:8      | Reached skill level 8 in Fighting
  9995 | D:8      | Reached skill level 10 in Dodging
 10060 | D:8      | Identified the +1 dagger of Annihilation {venom, Int+3}
 10288 | D:9      | Noticed a two-headed ogre
 10300 | D:9      | Killed a two-headed ogre
 10455 | D:9      | Found a staircase to the Lair.
 10481 | D:9      | Noticed Joseph
 10494 | D:9      | Killed Joseph
 10494 | D:9      | Reached **** piety under Okawaru
 11255 | Lair:1   | Entered Level 1 of the Lair of Beasts
 11261 | Lair:1   | Noticed a black mamba
 11271 | Lair:1   | Killed a black mamba
 11287 | Lair:1   | Noticed a black mamba
 11301 | Lair:1   | Killed a black mamba
 11505 | Lair:1   | Reached skill level 9 in Fighting
 11545 | Lair:1   | Reached XP level 11. HP: 73/89 MP: 11/11
 12065 | D:10     | Entered Level 10 of the Dungeon
 12071 | D:10     | Noticed a two-headed ogre
 12082 | D:10     | Killed a two-headed ogre
 12082 | D:10     | Reached ***** piety under Okawaru
 12348 | D:2      | Bought the ring of Hanywoydu {rPois Will+} for 398 gold
                  | pieces
 12645 | Lair:1   | Reached skill level 10 in Fighting
 12671 | Lair:1   | Got the Incunabulum of Stony Guile
 12804 | Lair:1   | Noticed a catoblepas
 12819 | Lair:1   | Killed a catoblepas
 12951 | Lair:1   | Reached skill level 11 in Fighting
 13058 | Lair:1   | Received a gift from Okawaru
 13610 | Lair:2   | Noticed an eight-headed hydra
 13613 | Lair:2   | Reached XP level 12. HP: 102/102 MP: 12/12
 13750 | Lair:2   | Reached skill level 12 in Fighting
 14872 | Lair:3   | Reached skill level 1 in Shields
 14974 | Lair:3   | Reached skill level 13 in Fighting
 15002 | Lair:3   | Reached skill level 15 in Dodging
 15292 | Lair:3   | Noticed a four-headed hydra
 15292 | Lair:3   | Noticed a seven-headed hydra
 15581 | Lair:3   | Found a staircase to the Snake Pit.
 15781 | Lair:3   | Identified the +3 plate armour "Tuafrot" {Dex+2} (Okawaru
                  | gifted it to you on level 3 of the Lair of Beasts)
 15781 | Lair:3   | Received a gift from Okawaru
 16316 | Lair:3   | Found a staircase to the Swamp.
 16533 | Lair:4   | Reached XP level 13. HP: 51/112 MP: 11/13
 16543 | Lair:4   | Reached skill level 14 in Fighting
 16623 | Lair:4   | Reached skill level 15 in Long Blades
 17487 | Lair:4   | Reached skill level 5 in Shields
 17618 | Lair:4   | Identified the +4 flail "Zeraa" {freeze, rF++ Stlth-}
 17873 | Lair:5   | Entered Level 5 of the Lair of Beasts
 17990 | Lair:5   | Reached skill level 15 in Fighting
 18383 | Lair:4   | Received a gift from Okawaru
 18481 | Lair:4   | Received a gift from Okawaru
 18880 | Lair:4   | Reached XP level 14. HP: 124/124 MP: 14/14
 19040 | Lair:5   | Received a gift from Okawaru
 19101 | Lair:5   | Found a staircase to the Slime Pits.
 19101 | Lair:5   | Found a viscous altar of Jiyva.
 19307 | Lair:5   | Reached skill level 16 in Fighting
 19644 | D:10     | Found an opulent altar of Gozag.
 19699 | D:10     | Found a basalt altar of Yredelemnul.
 20042 | D:10     | Identified the +3 falchion "Zaynatuu" {freeze, +Blink rC++
                  | Dex-5 SInv}
 20640 | D:11     | Found a portal to a secret trove of treasure.
 21390 | D:12     | Found Joudouv's Armour Emporium.
 21390 | D:12     | Found a staircase to the Orcish Mines.
 21390 | D:12     | Found Mayracosk's Weapon Emporium.
 22021 | D:12     | Reached skill level 17 in Fighting
 22379 | Orc:1    | Entered Level 1 of the Orcish Mines
 22652 | Orc:1    | Noticed Gastronok
 22682 | Orc:1    | Killed Gastronok
 22682 | Orc:1    | Received a gift from Okawaru
 23448 | Lair:5   | Reached XP level 15. HP: 88/134 MP: 15/15
 23480 | Lair:5   | Identified the +5 ring mail of Xom's Anger {rN+ Str+4
                  | Int-3}
 23819 | Lair:5   | Reached skill level 18 in Fighting
 24434 | Orc:2    | Entered Level 2 of the Orcish Mines
 24711 | Orc:2    | Found a staircase to the Elven Halls.
 24711 | Orc:2    | Found Dankel's Weapon Emporium.
 24888 | Orc:2    | Noticed an orc warlord
 24930 | Orc:2    | Killed an orc warlord
 25572 | Orc:2    | Found an ancient bone altar of Kikubaaqudgha.
 25591 | Orc:2    | Found Jidepp's Magic Scroll Boutique.
 25645 | Orc:2    | Bought a scroll of identify for 32 gold pieces
 25645 | Orc:2    | Bought a scroll of magic mapping for 120 gold pieces
 25645 | Orc:2    | Bought a scroll of fog for 64 gold pieces
 25692 | Orc:2    | Paralysed by an orc sorcerer for 2 turns
 26003 | Orc:2    | Found Yseukl Fecoo's Jewellery Boutique.
 26015 | Orc:2    | Found Quttut's Antique Weapon Shop.
 26027 | Orc:2    | Found Pawoig's Antique Weapon Shop.
 26085 | Orc:2    | Found a radiant altar of Vehumet.
 26151 | Orc:2    | Bought the amulet of Aclewan {Reflect Will+ rCorr SH+5} for
                  | 674 gold pieces
 26166 | Orc:2    | Bought a brightly glowing scimitar for 315 gold pieces
 26166 | Orc:2    | Identified the +10 scimitar of the Volcano {flame, rF+ rN+
                  | Int+5 Stlth-} (You bought it in a shop on level 2 of the
                  | Orcish Mines)
 26175 | Orc:2    | Bought a warped long sword for 263 gold pieces
 26175 | Orc:2    | Identified the +10 long sword of Midnight {venom, Drain
                  | Int+3 Stlth+} (You bought it in a shop on level 2 of the
                  | Orcish Mines)
 26385 | D:12     | Bought a +0 pair of gloves for 67 gold pieces
 26731 | D:13     | Identified the +1 cloak of Voracious Creativity {rElec MP+9
                  | Str-5 Int-2}
 27099 | D:13     | Found a gate to the Vaults.
 27471 | D:14     | Reached skill level 19 in Fighting
 27538 | D:14     | Identified the +0 pair of gloves of the Marlin {Harm}
                  | (Okawaru gifted it to you on level 14 of the Dungeon)
 27538 | D:14     | Received a gift from Okawaru
 27643 | D:14     | Found a frozen archway.
 27677 | D:14     | Reached XP level 16. HP: 74/146 MP: 16/16
 27765 | IceCv    | Entered an ice cave
 28920 | IceCv    | Noticed an Ice Fiend
 28925 | IceCv    | Noticed an Ice Fiend
 28932 | IceCv    | Killed an Ice Fiend
 28941 | IceCv    | Killed an Ice Fiend
 29249 | D:14     | Identified a scroll of acquirement
 29249 | D:14     | Acquired 731 gold pieces
 29513 | D:14     | Reached skill level 20 in Fighting
 29521 | D:14     | Found a bloodstained altar of Trog.
 29566 | D:14     | Found an ornate altar of the Wu Jian Council.
 29591 | D:14     | Found a runed translucent door.
 29602 | D:14     | Found a snail-covered altar of Cheibriados.
 29615 | D:14     | Found a glowing golden altar of the Shining One.
 29701 | D:14     | Found a sacrificial altar of Ru.
 29712 | D:14     | Found an ancient bone altar of Kikubaaqudgha.
 29959 | D:15     | Entered Level 15 of the Dungeon
 30116 | D:15     | Identified the +1 ring mail "Epnol" {rC++ rCorr Dex+4}
 30141 | D:15     | Found a staircase to the Depths.
 30580 | D:15     | Received a gift from Okawaru
 31313 | D:15     | Identified the +1 pair of gloves of Sibatuz {Regen+ Str-2
                  | Int+2} (Okawaru gifted it to you on level 15 of the
                  | Dungeon)
 31313 | D:15     | Received a gift from Okawaru
 31858 | Swamp:1  | Entered Level 1 of the Swamp
 31894 | Swamp:1  | Noticed a fenstrider witch
 31903 | Swamp:1  | Killed a fenstrider witch
 31999 | Swamp:1  | Reached XP level 17. HP: 143/157 MP: 15/17
 32096 | Swamp:1  | Reached skill level 21 in Fighting
 32112 | Swamp:1  | Reached skill level 1 in Stealth
 32452 | Swamp:1  | Identified Roxanne's Omnibus of Clay
 32452 | Swamp:1  | Noticed Roxanne
 33530 | Swamp:3  | Paralysed by a hornet for 3 turns
 34173 | Swamp:4  | Entered Level 4 of the Swamp
 34375 | Swamp:4  | Reached skill level 5 in Stealth
 34448 | Swamp:4  | Received a gift from Okawaru
 34739 | Swamp:4  | Reached skill level 22 in Fighting
 34773 | Swamp:4  | Reached skill level 1 in Evocations
 34823 | Swamp:4  | Received a gift from Okawaru
 35123 | Swamp:4  | Got a decaying rune of Zot
 35296 | Lair:1   | Learned a level 5 spell: Metabolic Englaciation
 35414 | Snake:1  | Entered Level 1 of the Snake Pit
 35433 | Snake:1  | Reached skill level 1 in Ice Magic
 35433 | Snake:1  | Reached XP level 18. HP: 125/168 MP: 15/18
 35449 | Snake:1  | Reached skill level 1 in Hexes
 35563 | Lair:3   | Reached skill level 1 in Spellcasting
 35586 | Snake:1  | Noticed Rupert
 35612 | Snake:1  | Killed Rupert
 35654 | Snake:1  | Found Hoepoq's Distillery.
 35679 | Snake:1  | Bought a potion of curing for 30 gold pieces
 35679 | Snake:1  | Bought a potion of curing for 30 gold pieces
 35679 | Snake:1  | Bought a potion of resistance for 100 gold pieces
 35679 | Snake:1  | Bought a potion of invisibility for 80 gold pieces
 35679 | Snake:1  | Bought a potion of berserk rage for 50 gold pieces
 35679 | Snake:1  | Bought a potion of curing for 30 gold pieces
 35754 | Snake:1  | Found a transporter.
 35757 | Snake:1  | Found a transporter.
 35762 | Snake:1  | Noticed Kaleas's ghost (adept TrBe)
 35817 | Snake:1  | Noticed a hellephant
 35822 | Snake:1  | Found a one-way gate to the infinite horrors of the Abyss.
 35890 | Snake:1  | Found Jughayc's Weapon Shop.
 36005 | Snake:1  | Found Pishrid's Assorted Antiques.
 36086 | Snake:1  | Noticed Donald
 36112 | Snake:1  | Killed Donald
 37294 | Snake:2  | Identified the +3 tower shield of the Comet {rC++ Dex-5
                  | Stlth+}
 37294 | Snake:2  | Noticed Louise
 37299 | Snake:2  | Identified the +0 plate armour of Wu Jian's Grace {+Inv
                  | rElec rCorr Int-5}
 37323 | Snake:2  | Killed Louise
 37413 | Snake:2  | Reached skill level 5 in Ice Magic
 37657 | Snake:2  | Received a gift from Okawaru
 38446 | Snake:3  | Received a gift from Okawaru
 38705 | Snake:3  | Learned a level 3 spell: Swiftness
 38895 | Snake:3  | Learned a level 2 spell: Blink
 38931 | Snake:3  | Identified the +3 demon blade of Objectivity {flame, Int+4}
                  | (Okawaru gifted it to you on level 3 of the Snake Pit)
 38931 | Snake:3  | Received a gift from Okawaru
 39426 | Snake:4  | Entered Level 4 of the Snake Pit
 39498 | Snake:4  | Reached skill level 5 in Hexes
 39498 | Snake:4  | Reached XP level 19. HP: 117/174 MP: 14/25
 39789 | Snake:4  | Found Joruttaw's Vocational Training.
 40139 | D:11     | You paid a toll of 18 potions of curing to enter a treasure
                  | trove
 40140 | Trove    | Entered a treasure trove
 40147 | Trove    | Identified the ring of Benevolence {rC+ Will++ rCorr}
 40166 | Trove    | Identified the ring "Adwi" {Fire Stlth+}
 40174 | Trove    | Identified the +0 kite shield "Coukk" {rF++ Will+++ Str-2
                  | Stlth-}
 41156 | Snake:4  | Reached skill level 10 in Shields
 41756 | Snake:4  | Got a serpentine rune of Zot
 42345 | Vaults:1 | Entered Level 1 of the Vaults
 42396 | Vaults:1 | Received a gift from Okawaru
 43710 | Vaults:1 | Found Bytocvor's Magic Scroll Boutique.
 43714 | Vaults:1 | Bought a scroll of teleportation for 36 gold pieces
 43714 | Vaults:1 | Bought a scroll of brand weapon for 114 gold pieces
 43714 | Vaults:1 | Bought a scroll of fear for 48 gold pieces
 43714 | Vaults:1 | Bought a scroll of enchant armour for 90 gold pieces
 43916 | Vaults:1 | Received a gift from Okawaru
 43917 | Vaults:1 | Reached XP level 20. HP: 172/182 MP: 27/27
 44335 | Vaults:1 | Reached skill level 15 in Shields
 44645 | Vaults:2 | Identified the +8 crystal plate armour "Neitafij" {Harm
                  | rPois} (Okawaru gifted it to you on level 2 of the Vaults)
 44645 | Vaults:2 | Received a gift from Okawaru
 44646 | Vaults:2 | Reached skill level 5 in Spellcasting
 44646 | Vaults:2 | Reached skill level 1 in Invocations
 45298 | Vaults:2 | Found a runed translucent door.
 45299 | Vaults:2 | Noticed Yhewuk's ghost (adept GrGl)
 46181 | Vaults:3 | Found Tusigeq's Antique Armour Boutique.
 46197 | Vaults:3 | Bought an embroidered scarf for 232 gold pieces
 46197 | Vaults:3 | Bought a pair of glowing gloves for 217 gold pieces
 46727 | Vaults:3 | Received a gift from Okawaru
 46743 | Vaults:3 | Found a staircase to the Crypt.
 47018 | Vaults:3 | Noticed a Tzitzimitl
 47160 | Vaults:3 | Reached skill level 5 in Invocations
 47357 | Vaults:3 | Noticed Margery
 47422 | Vaults:3 | Killed Margery
 47548 | Vaults:3 | Reached XP level 21. HP: 191/191 MP: 31/31
 48099 | Vaults:4 | Reached skill level 23 in Fighting
 48707 | Vaults:4 | Received a gift from Okawaru
 49735 | Depths:1 | Entered Level 1 of the Depths
 49735 | Depths:1 | Noticed the Enchantress
 49766 | Depths:1 | Killed the Enchantress
 49766 | Depths:1 | Received a gift from Okawaru
 50707 | Depths:1 | Reached skill level 10 in Stealth
 50797 | Depths:1 | Received a gift from Okawaru
 51356 | Depths:1 | Found a gateway to Hell.
 51356 | Depths:1 | Paralysed by a floating eye for 4 turns
 51450 | Depths:1 | Found a one-way gate leading to the halls of Pandemonium.
 51649 | Depths:2 | Found a one-way gateway to a ziggurat.
 51810 | Elf:1    | Entered Level 1 of the Elven Halls
 51834 | Elf:1    | Reached skill level 24 in Fighting
 52196 | Elf:1    | Reached XP level 22. HP: 202/202 MP: 34/34
 52240 | Elf:1    | Noticed Jorgrun
 52251 | Elf:1    | Killed Jorgrun
 52341 | Elf:1    | Reached skill level 1 in Air Magic
 52386 | Elf:1    | You fall into a shaft and drop 1 floor!
 52388 | Elf:2    | Reached skill level 5 in Evocations
 52472 | Elf:2    | Found a runed translucent gate.
 52472 | Elf:2    | Found a runed translucent gate.
 52472 | Elf:2    | Found a runed translucent gate.
 52813 | Elf:1    | Noticed Agnes
 52820 | Elf:1    | Killed Agnes
 52881 | Elf:1    | Found Hedd's Assorted Antiques.
 53567 | Elf:2    | Found Qipry's Jewellery Boutique.
 53573 | Elf:2    | Found Meanuv's Armour Boutique.
 53641 | Elf:2    | Paralysed by an air elemental for 1 turns
 54010 | Elf:2    | Identified the +4 scimitar "Xiolan" {freeze, rC++ Will-
                  | rCorr Str+4} (Okawaru gifted it to you on level 2 of the
                  | Elven Halls)
 54010 | Elf:2    | Received a gift from Okawaru
 54575 | Elf:3    | Entered Level 3 of the Elven Halls
 54727 | Elf:3    | Found Geshreump's Antique Armour Shop.
 54884 | Elf:3    | Found Piwau's Assorted Antiques.
 54894 | Elf:3    | Bought a scroll of teleportation for 96 gold pieces
 54894 | Elf:3    | Bought a potion of curing for 96 gold pieces
 54957 | Elf:3    | Found a radiant altar of Vehumet.
 55180 | Elf:3    | Received a gift from Okawaru
 55270 | Elf:3    | Identified the +2 rapier "Syleifuph" {holy, rC+ Int+3
                  | Dex-3}
 55602 | Elf:3    | Identified the ring of Contention {Ice *Corrode rPois rN+++
                  | Str-2}
 55884 | Elf:3    | Reached skill level 25 in Fighting
 55999 | Elf:3    | Identified the ring of Busefeyr {Wiz Will- Slay+4}
 56007 | Elf:3    | Identified the +1 robe "Camilat" {rElec rN+ Will+}
 56897 | Orc:2    | Bought a ring of positive energy for 280 gold pieces
 57939 | Crypt:1  | Entered Level 1 of the Crypt
 58085 | Crypt:1  | Reached skill level 10 in Spellcasting
 58545 | Vaults:3 | Reached XP level 23. HP: 109/213 MP: 35/37
 59462 | Crypt:2  | Noticed Jory
 59475 | Crypt:2  | Killed Jory
 59589 | Crypt:2  | Found an ancient bone altar of Kikubaaqudgha.
 60043 | Crypt:3  | Entered Level 3 of the Crypt
 61579 | Crypt:3  | Identified the +5 ring mail of Resilience {rPois rN+++
                  | Int-4 Stlth+}
 61961 | Crypt:3  | Found a staircase to the Tomb.
 62128 | Crypt:3  | Found the +9 sword of Zonguldrok {reap}
 62180 | Crypt:3  | Noticed a curse toe
 62201 | Crypt:3  | Killed a curse toe
 62202 | Crypt:3  | Reached skill level 26 in Fighting
 62396 | Crypt:3  | Noticed a dread lich
 62396 | Crypt:3  | Noticed a dread lich
 62547 | Crypt:3  | Killed a dread lich
 62573 | Crypt:3  | Killed a dread lich
 62593 | Crypt:3  | Identified the +9 short sword "Worm" {elec, *Slow Int+5
                  | Dex+3}
 63265 | Depths:2 | Identified the ring "Emaecw" {rN+ Dex+3 SInv}
 63293 | Depths:2 | Noticed a juggernaut
 63295 | Depths:2 | Identified the +0 long sword "Maev Wume" {spect, rN+ Int+3
                  | Dex-3}
 63319 | Depths:2 | Killed a juggernaut
 63364 | Depths:2 | Noticed a caustic shrike
 63364 | Depths:2 | Noticed a juggernaut
 63433 | Depths:2 | Identified the +8 mace of Circular Logic {holy, rElec Will+
                  | Int+4 SInv}
 63509 | Depths:2 | Received a gift from Okawaru
 63529 | Depths:2 | Noticed Sojobo
 63552 | Depths:2 | Killed Sojobo
 63653 | Depths:2 | Reached XP level 24. HP: 181/225 MP: 36/37
 63763 | Depths:2 | Noticed a juggernaut
 63909 | Depths:2 | Killed a juggernaut
 64051 | Depths:2 | Killed a caustic shrike
 64388 | Depths:3 | Reached skill level 27 in Fighting
 64450 | Depths:3 | Noticed a caustic shrike
 64477 | Depths:3 | Killed a caustic shrike
 64598 | Depths:3 | You fall into a shaft and drop 1 floor!
 64598 | Depths:4 | Entered Level 4 of the Depths
 64603 | Depths:4 | Found a shadowy altar of Dithmenos.
 64608 | Depths:4 | Found Juiroj's Distillery.
 64621 | Depths:4 | Got the Quarto of Voltaic Blight
 65073 | Depths:3 | Noticed Mennas
 65115 | Depths:3 | Killed Mennas
 65133 | Depths:3 | Found a runed translucent gate.
 65133 | Depths:3 | Found a runed translucent gate.
 65133 | Depths:3 | Found a runed translucent gate.
 65349 | Depths:3 | Found a runed translucent gate.
 65349 | Depths:3 | Found a runed translucent gate.
 65349 | Depths:3 | Found a runed translucent gate.
 65611 | Depths:3 | Found Coforos's Book Boutique.
 65674 | Depths:3 | Identified the +7 chain mail of Hapuxoth {Contam rF++ Int+4
                  | Slay+3 SInv}
 66694 | Depths:4 | Bought a potion of curing for 57 gold pieces
 66694 | Depths:4 | Bought a potion of haste for 190 gold pieces
 66694 | Depths:4 | Bought 2 potions of heal wounds for 190 gold pieces
 66694 | Depths:4 | Bought a potion of haste for 190 gold pieces
 66977 | Depths:4 | Received a gift from Okawaru
 67160 | Depths:4 | Found a gate to the Realm of Zot.
 67690 | Vaults:2 | Killed Yhewuk's ghost
 67691 | Vaults:2 | Reached XP level 25. HP: 174/234 MP: 34/38
 68092 | Snake:4  | Bought a manual of Evocations for 960 gold pieces
 68092 | Snake:4  | Bought a manual of Invocations for 960 gold pieces
 68404 | D:14     | Fell from the grace of Okawaru
 68404 | D:14     | Became a worshipper of the Shining One
 68559 | Depths:3 | Voluntarily entered the Abyss.
 68635 | Abyss:1  | Gained mutation: [You are frail. (-10% HP)] [a neqoxec]
 68684 | Abyss:2  | Reached skill level 1 in Polearms
 68687 | Abyss:2  | Found a corrupted altar of Lugonu.
 68733 | Abyss:2  | Found a corrupted altar of Lugonu.
 68762 | Abyss:3  | Found a corrupted altar of Lugonu.
 68854 | Abyss:3  | Found a sparkling altar of Nemelex Xobeh.
 68856 | Abyss:3  | Reached * piety under the Shining One
 68862 | Abyss:3  | Gained mutation: You are weak. (Str -2) [a neqoxec]
 68869 | Abyss:3  | Gained mutation: Armour fits poorly on your strangely
                  | shaped body. [a neqoxec]
 68894 | Abyss:4  | Found a corrupted altar of Lugonu.
 68936 | Abyss:4  | Gained mutation: You are very dopey. (Int -4) [a neqoxec]
 69240 | Abyss:4  | Reached ** piety under the Shining One
 69515 | Abyss:4  | Reached *** piety under the Shining One
 69656 | Abyss:4  | Reached skill level 5 in Polearms
 69673 | Abyss:4  | Paralysed by accursed screaming for 1 turns
 69782 | Abyss:4  | Reached **** piety under the Shining One
 69851 | Abyss:4  | Reached ***** piety under the Shining One
 70090 | Abyss:4  | Found a corrupted altar of Lugonu.
 70113 | Abyss:4  | Reached skill level 10 in Invocations
 70322 | Abyss:5  | Gained mutation: [Your spells are a little easier to cast,
                  | but a little less powerful.] [a neqoxec]
 70415 | Abyss:5  | Reached skill level 10 in Evocations
 70509 | Abyss:5  | Found a corrupted altar of Lugonu.
 70635 | Abyss:5  | Paralysed by accursed screaming for 2 turns
 70647 | Abyss:5  | Found a corrupted altar of Lugonu.
 70650 | Depths:3 | Escaped the Abyss
 70806 | Depths:2 | Killed a juggernaut
 70981 | D:15     | Lost mutation: You are dopey. (Int -2) [potion of mutation]
 70981 | D:15     | Lost mutation: [Your spells are a little easier to cast,
                  | but a little less powerful.] [potion of mutation]
 70981 | D:15     | Gained mutation: Your skin changes colour to match your
                  | surroundings (Stealth+). [potion of mutation]
 70981 | D:15     | Gained mutation: You are strong-willed. (Will+) [potion of
                  | mutation]
 70981 | D:15     | Gained mutation: You are highly strong-willed. (Will++)
                  | [potion of mutation]
 70982 | D:15     | Lost mutation: You are highly strong-willed. (Will++)
                  | [potion of mutation]
 70982 | D:15     | Lost mutation: You are weak. (Str -2) [potion of mutation]
 70982 | D:15     | Lost mutation: You are strong-willed. (Will+) [potion of
                  | mutation]
 70982 | D:15     | Gained mutation: Your magical capacity is low. (-10% MP)
                  | [potion of mutation]
 70982 | D:15     | Gained mutation: Your mind is acute. (Int +4, Str/Dex -1)
                  | [potion of mutation]
 70982 | D:15     | Gained mutation: You passively dampen the noise of your
                  | surroundings. [potion of mutation]
 71277 | Depths:4 | Bought 2 potions of mutation for 304 gold pieces
 71277 | Depths:4 | Lost mutation: Your mind is acute. (Int +4, Str/Dex -1)
                  | [potion of mutation]
 71277 | Depths:4 | Lost mutation: [You are frail. (-10% HP)] [potion of
                  | mutation]
 71277 | Depths:4 | Gained mutation: Your flesh is cold resistant. (rC+)
                  | [potion of mutation]
 71277 | Depths:4 | Gained mutation: You are dopey. (Int -2) [potion of
                  | mutation]
 71278 | Depths:4 | Lost mutation: You are dopey. (Int -2) [potion of mutation]
 71278 | Depths:4 | Lost mutation: Armour fits poorly on your strangely shaped
                  | body. [potion of mutation]
 71278 | Depths:4 | Gained mutation: You are dopey. (Int -2) [potion of
                  | mutation]
 71278 | Depths:4 | Gained mutation: You occasionally lose the ability to read
                  | scrolls when taking damage. [potion of mutation]
 71278 | Depths:4 | Gained mutation: Your flesh is very cold resistant. (rC++)
                  | [potion of mutation]
 71374 | Depths:3 | Voluntarily entered the Abyss.
 71397 | Abyss:5  | Found a corrupted altar of Lugonu.
 71495 | Abyss:6  | Gained mutation: You are very dopey. (Int -4) [a cacodemon]
 71500 | Abyss:6  | Gained mutation: Armour fits poorly on your strangely
                  | shaped body. [a cacodemon]
 71501 | Abyss:6  | Paralysed by accursed screaming for 1 turns
 71509 | Abyss:6  | Reached skill level 10 in Polearms
 71509 | Abyss:6  | Paralysed by accursed screaming for 2 turns
 71526 | Abyss:6  | Paralysed by accursed screaming for 1 turns
 71530 | Abyss:6  | Paralysed by accursed screaming for 1 turns
 71536 | Abyss:6  | Paralysed by accursed screaming for 1 turns
 71547 | Abyss:7  | Entered Level 7 of the Abyss
 71550 | Abyss:7  | Found a corrupted altar of Lugonu.
 71572 | Abyss:7  | Killed from afar by a titan

Illustrated notes

Levels and vault maps discovered:
D:1:      minmay_arrival_solitary_statue, layout_basic,
          nicolae_ecumenical_lake_church, minivault_19,
          minmay_misc_feat_ornament
D:2:      minmay_chambers_of_ones, layout_basic, chequers_serial_rivers_large_b,
          nicolae_shop_unique_rings, kennysheep_donut,
          dreamdust_princess_bridge, chequers_decorated_corner
D:3:      layout_basic, brannock_xom_greatest_gift, fedhas_altar_3,
          gup_sewer_entry_bubbles, hellmonk_ghost_happy_afterlife, uniq_terence,
          uniq_crazy_yiuf_cottage
D:4:      layout_basic, temple_doors_e, minmay_gold_behind_fungi, minmay_puff
D:5:      layout_rooms, nemelex_dance_club_becter, uniq_edmund
D:6:      layout_rooms, nicolae_ru_awakened_eye, serial_shops,
          nicolae_inconvenience_store, nicolae_concentric_dashed_squares_mild,
          serial_bayou_crossing
D:7:      layout_loops_cross, nicolae_ashenzari_panopticon,
          nicolae_wu_jian_immortal_techniques, nicolae_overflow_hidden_temple,
          st_stairs_9
D:8:      layout_gridville, general_overflow_altar, mainiacjoe_overflow_alcove_2
D:9:      layout_gridville, uniq_joseph
D:10:     layout_long_grid, grunt_gozag_breadcrumbs,
          nicolae_overflow_crystal_walls
D:11:     layout_long_grid, nicolae_trove_entry_diagonal, minivault_19
D:12:     minmay_box_of_statues, layout_loops_ring, orc_david_3,
          corexii_checkpoint_a
D:13:     layout_roguey, hangedman_vaults_entry_quadrant_bands
D:14:     due_megacathedral, layout_basic, serial_ice, serial_ice_i,
          serial_ice_m, serial_ice_n, serial_ice_g, serial_ice_b, serial_ice_e,
          portal_ice_cave_entry_ice_statue_one
D:15:     grunt_enter_depths_hoard, layout_long_grid,
          minmay_misc_feat_four_crosses, evilmike_minifort
Temple:   jpeg_temple_clearing
Lair:1:   layout_regular_city, lemuel_fruit_tree
Lair:2:   layout_chaotic_city, grunt_megastairs_3
Lair:3:   layout_regular_city, palyth_hydra_swamp_entry,
          minmay_snake_entry_guardpost_small, beast_lair_carwin_10
Lair:4:   layout_cave_pods
Lair:5:   minmay_lair_end_frog_pond, layout_gridlike,
          minmay_slime_entry_pillars, serial_bayou_pond_c,
          chequers_serial_rivers_room_b
Swamp:1:  layout_basic_swamp, evilmike_swamp_ruin_house_4,
          infiniplex_staircase_pool, uniq_roxanne
Swamp:2:  layout_falls_marsh, nicolae_swamp_fairy_circle
Swamp:3:  layout_basic_swamp, evilmike_swamp_ruin_rubble_2, swamp_pool1,
          statue_in_the_mist_lemuel, nicolae_swamp_little_swirl
Swamp:4:  swamp, layout_basic_swamp, swamp_pool1
Snake:1:  layout_misc_corridors, serial_shops, nicolae_shop_trees,
          nicolae_square_shop, shop, gammafunk_ghost_abyssal_escape,
          nicolae_snake_gridmaze_tees, uniq_rupert, uniq_donald
Snake:2:  layout_onion_interference, nicolae_snake_herptile_family_reunion,
          nicolae_triple_integral, uniq_louise
Snake:3:  layout_misc_corridors
Snake:4:  grunt_snake_rune_pools, layout_cave_town, nicolae_shop_vocational,
          grunt_megastairs_1
Orc:1:    layout_caves, mines1_david, uniq_gastronok
Orc:2:    kennysheep_orc_mage_school, layout_diamond_mine, serial_shops, shop
Elf:1:    nicolae_elf_arrival_no_cutting_in_line, layout_loops_corners,
          serial_shops, shop, hangedman_corner_corridor, uniq_jorgrun,
          uniq_agnes
Elf:2:    nicolae_elf_blades_splatter_lattice
          [nicolae_blade_entry_hurt_lockers], layout_geoelf_octagon,
          minmay_shop_star
Elf:3:    elf_hall_gauntlet_wide, layout_geoelf_octagon, basic_altar,
          serial_shops, nicolae_shop_temple_entry_statues_fountains,
          nicolae_lakefront_shop, patterned_corridor
Vaults:1: hangedman_vaults_stretched_pinwheel, v_rooms_5, v_misc_4,
          vaults_room_semicircle, v_misc_33, vaults_mumra_chevron, v_misc_31,
          hangedman_vaults_hat, dpeg_vaults_monster_box, layout_vaults_ring,
          serial_shops, shop
Vaults:2: ebering_ghost_reflecting_pool, nicolae_vaults_circle_grid_a,
          nicolae_vaults_angled_halls, nicolae_vaults_specimen_jars,
          vaults_room_ringed_pool, nicolae_vaults_ninety_degrees,
          hangedman_vaults_impose, nicolae_vaults_asterisk,
          nicolae_vaults_mini_display_case, nicolae_vaults_little_ls,
          layout_vaults_omnigrid
Vaults:3: nicolae_vaults_network_quinsquares
          [nicolae_vaults_network_quincunx_subvault,
          nicolae_vaults_network_quincunx_subvault,
          nicolae_vaults_network_quincunx_subvault,
          nicolae_vaults_network_quincunx_subvault], v_rooms_4, v_misc_2,
          ontoclasm_vaults_idyll, hangedman_vaults_snaps,
          ontoclasm_vaults_pinch, minmay_crypt_entry_skeletal_spiral,
          hangedman_vaults_stream, hangedman_vaults_nails,
          nicolae_vaults_diagonal_hallway_7, nicolae_vaults_theta,
          hangedman_vaults_stretched_pinwheel, vaults_dpeg_ring,
          vaults_room_door_ring, layout_vaults_big_cross, serial_shops, shop,
          uniq_margery
Vaults:4: nicolae_vaults_network_quincunx
          [nicolae_vaults_network_quincunx_subvault,
          nicolae_vaults_network_quincunx_subvault,
          nicolae_vaults_network_quincunx_subvault,
          nicolae_vaults_network_quincunx_subvault,
          nicolae_vaults_network_quincunx_subvault], ontoclasm_vaults_tryst,
          vaults_dpeg_diagonal, v_misc_5, vaults_room_grid,
          nicolae_vaults_big_ls, nicolae_vaults_network_barrier,
          nicolae_vaults_triangles, layout_vaults_maze
Crypt:1:  layout_misc_corridors, grunt_crypt_arrival_split
Crypt:2:  layout_chaotic_city, lemuel_mausoleum_altar_kikubaaqudgha, uniq_jory
Crypt:3:  david_glass_crypt, layout_rooms, nicolae_tomb_entry_grand_gallery
Depths:1: layout_gridlike, serial_rivers, chequers_serial_rivers_micro_d,
          chequers_serial_rivers_large_a, chequers_serial_rivers_marsh,
          chequers_serial_rivers_marsh, chequers_serial_rivers_micro_e,
          hell_entry, grunt_pan_entry_spiral, nrook_kobold_shadow_demons,
          serial_bayou_shore_b, uniq_enchantress
Depths:2: minmay_heptahexagon, layout_cave_shapes, enter_ziggurat_c,
          dk_noncrumbling_4, grunt_mini_vestibule, rand_demon_pan_entry_8,
          uniq_sojobo
Depths:3: kennysheep_treasure_stockpile, layout_basic, rand_demon_pan_entry_3,
          hell_entry, abyss_entry, serial_shops, shop, grunt_megastairs_5,
          infiniplex_staircase_zigzag_1, uniq_mennas
Depths:4: evilmike_zot_entry_diamond, layout_cave_pools,
          grunt_hell_entry_dis_mu, serial_bayou, serial_bayou_pond_e,
          serial_bayou_shore_a, serial_bayou_pond_e, serial_bayou_shore_b,
          rand_demon_pan_entry_7, serial_shops, shop,
          nicolae_dithmenos_shadow_blocks
Abyss:7:  base: Swamp:1, evilmike_abyss_exit_13, hangedman_stitches_earthworm,
          nicolae_abyss_rune_star_stuff, spicy_abyss_planar_alliance,
          kilobyte_mutagenic_chamber

Skill      XL: |  1  2  3  4  5  6  7  8  9 10 11 12 13 14 15 16 17 18 19 20 21 22 23 24 25 |
---------------+----------------------------------------------------------------------------+-----
Long Blades    | 4 5 6 7 8 10 12 14 15 17 18 19 20 21 | 21.7
Fighting       | 3 4 5 6 7 9 11 13 15 17 19 20 22 24 25 26 27 | 27.0
Dodging        | 5 6 8 9 11 14 15 16 17 19 20 21 23 24 | 24.7
Shields        | 3 5 8 14 15 | 15.1
Stealth        | 5 6 8 10 | 10.5
Evocations     | 1 2 4 7 10 | 10.4
Ice Magic      | 1 6 7 9 |  9.3
Hexes          | 5 7 8 |  8.1
Spellcasting   | 4 6 8 10 11 12 | 12.2
Invocations    | 5 7 11 | 11.3
Air Magic      | 4 |  4.8
Polearms       | 10 | 10.0
Throwing       | |  2.0
Translocations | |  0.9

Action                     |  1- 3 |  4- 6 |  7- 9 | 10-12 | 13-15 | 16-18 | 19-21 | 22-24 | 25-27 || total
---------------------------+-------+-------+-------+-------+-------+-------+-------+-------+-------++-------
  Melee: Long sword        |    89 |   203 |   459 |   687 |  1627 |       |       |   640 |     3 ||  3708
         Punch             |       |     2 |     9 |    16 |       |       |       |       |       ||    27
         Tailslap          |       |     7 |     1 |       |    11 |    42 |     8 |     4 |    22 ||    95
         Scimitar          |       |       |       |       |   234 |  1569 |  1838 |  1491 |   910 ||  6042
  Throw: Throwing net      |       |       |       |     2 |       |       |       |       |       ||     2
         Javelin           |       |       |       |       |       |       |       |     1 |       ||     1
 Invoke: Heroism           |       |       |     1 |    14 |    42 |    41 |    41 |    53 |       ||   192
         Finesse           |       |       |       |       |     1 |     1 |     2 |     7 |       ||    11
         Divine Shield     |       |       |       |       |       |       |       |       |    22 ||    22
         Cleansing Flame   |       |       |       |       |       |       |       |       |    18 ||    18
         Summon Divine War |       |       |       |       |       |       |       |       |     3 ||     3
  Evoke: Wand              |       |     3 |       |       |     1 |       |       |       |       ||     4
         Lightning rod     |       |       |       |       |       |       |     4 |       |       ||     4
    Use: Scroll            |       |     5 |    10 |     4 |    10 |    13 |    10 |    21 |     6 ||    79
         Potion            |       |       |       |       |     5 |     2 |     2 |    16 |    13 ||    38
   Stab: Sleeping          |     4 |     3 |       |     1 |     1 |     4 |     3 |    22 |       ||    38
         Distracted        |       |       |     1 |       |     2 |     6 |     3 |     6 |       ||    18
         Held in net/web   |       |       |       |     1 |       |       |       |       |       ||     1
         Confused          |       |       |       |       |       |     2 |       |       |       ||     2
 Armour: Leather armour    |    33 |    38 |    84 |     8 |       |       |       |       |       ||   163
         Troll leather arm |       |       |       |    89 |   116 |       |       |       |       ||   205
         Ring mail         |       |       |       |       |    62 |   211 |   182 |    49 |       ||   504
         Acid dragon scale |       |       |       |       |       |       |    17 |   171 |    92 ||   280
  Dodge: Dodged            |    58 |   146 |   344 |   572 |  1635 |  1320 |  1092 |  1285 |   707 ||  7159
         Repelled          |       |       |     1 |     3 |    12 |    30 |    29 |    33 |    15 ||   123
  Block: Buckler           |       |       |       |    51 |   582 |   939 |    24 |       |       ||  1596
         Reflection        |       |       |       |       |    15 |    49 |   103 |    88 |    32 ||   287
         Kite shield       |       |       |       |       |       |       |  1664 |  1932 |  1194 ||  4790

Table legend: (Time is in decaauts)
 A = Elapsed time spent in this place.
 B = Non-inter-level travel time spent in this place.
 C = Inter-level travel time spent in this place.
 D = Time resting spent in this place.
 E = Time spent auto-exploring this place.
 F = Levels seen in this place.
 G = Mean time per level.
                   A        B        C        D        E       F      G
               +--------+--------+--------+--------+--------+-----+--------+
         Total |  68879 |  59032 |   9847 |  11431 |  23046 |  56 | 1230.0 |
       Dungeon |  21469 |  17007 |   4462 |   3697 |   9376 |  15 | 1431.3 |
        Temple |     88 |     77 |     11 |      0 |     63 |   1 |   88.0 |
          Lair |   9703 |   8051 |   1652 |   1395 |   2777 |   5 | 1940.6 |
         Swamp |   2855 |   2731 |    124 |    722 |    980 |   4 |  713.8 |
     Snake Pit |   6085 |   5534 |    551 |   1244 |   1901 |   4 | 1521.2 |
  Orcish Mines |   2451 |   2127 |    324 |    549 |    856 |   2 | 1225.5 |
   Elven Halls |   5081 |   4303 |    778 |    675 |   1300 |   3 | 1693.7 |
        Vaults |   7615 |   6481 |   1134 |    715 |   2976 |   4 | 1903.8 |
         Crypt |   3985 |   3763 |    222 |    791 |    802 |   3 | 1328.3 |
        Depths |   5614 |   5030 |    584 |    218 |   1650 |   4 | 1403.5 |
         Abyss |   2136 |   2136 |      0 |    284 |    219 |   8 |  267.0 |
         Trove |     66 |     66 |      0 |      0 |      6 |   1 |   66.0 |
         Sewer |    272 |    272 |      0 |    112 |    112 |   1 |  272.0 |
      Ice Cave |   1454 |   1454 |      0 |   1028 |     25 |   1 | 1454.0 |
               +--------+--------+--------+--------+--------+-----+--------+

Top non-repeatable levels by time:
  Lair:1: 2839 daAuts
  Lair:4: 2355 daAuts
Vaults:3: 2352 daAuts
    D:15: 2266 daAuts
Depths:3: 2117 daAuts
   Elf:3: 2036 daAuts
Vaults:1: 2011 daAuts
 Snake:4: 2010 daAuts
Vaults:2: 1962 daAuts
     D:9: 1856 daAuts
     D:2: 1774 daAuts
   Orc:2: 1762 daAuts
 Crypt:2: 1704 daAuts
    D:12: 1629 daAuts
  Lair:3: 1616 daAuts
